 Dungeon Crawl Stone Soup version 0.29-a0-998-g1987434951 (webtiles) character file.

Game seed: 9150129082873488792

4533 Ajdolov the Cleaver (level 10, 0/93 HPs)
             Began as a Minotaur Monk on Aug 5, 2022.
             Was a Follower of Okawaru.
             Killed from afar by an acid dragon (38 damage)
             ... with a splash of acid
             ... on level 9 of the Dungeon.
             The game lasted 00:14:03 (11104 turns).

Ajdolov the Cleaver (Minotaur Monk)                Turns: 11104, Time: 00:14:03

Health: 0/93       AC:  7    Str: 19    XL:     10   Next: 17%
Magic:  12/12      EV:  8    Int:  7    God:    Okawaru [*.....]
Gold:   462        SH:  0    Dex: 14    Spells: 9/9 levels left

rFire   + . .      SeeInvis .   v - +0 war axe
rCold   . . .      Faith    .   (no shield)
rNeg    . . .      Spirit   .   l - +1 chain mail
rPois   .          Reflect  .   (helmet restricted)
rElec   .          Harm     .   G - +1 cloak
rCorr   .          Rampage  .   (no gloves)
Will    +....                   (no boots)
Stlth   ..........              (no amulet)
HPRegen 0.25/turn               g - ring of willpower
MPRegen 0.13/turn               h - ring of protection from fire

@: corroded, studying Maces & Flails
A: horns 2, retaliatory headbutt
a: Renounce Religion, Heroism


You were on level 9 of the Dungeon.
You worshipped Okawaru.
Okawaru was aware of your devotion.
You visited 2 branches of the dungeon, and saw 10 of its levels.

You collected 462 gold pieces.

Inventory:

Hand Weapons
 v - a +0 war axe (weapon)
 E - a +3 flail of holy wrath
Missiles
 a - 5 boomerangs (quivered)
 B - a throwing net
Armour
 l - a +1 chain mail (worn)
 G - a +1 cloak (worn)
Jewellery
 g - a ring of willpower (left hand)
 h - a ring of protection from fire (right hand)
 u - an amulet of faith
Wands
 d - a wand of flame (33)
 y - a wand of acid (1)
 z - a wand of polymorph (1)
 D - a wand of roots (12)
Scrolls
 f - 2 scrolls of magic mapping
 i - 5 scrolls of noise
 j - 3 scrolls of teleportation
 o - 2 scrolls of blinking
 s - 5 scrolls of vulnerability
 t - 2 scrolls of butterflies
 w - 2 scrolls of poison
 F - a scroll of amnesia
Potions
 b - 5 potions of brilliance
 c - 2 potions of ambrosia
 e - 2 potions of lignification {unknown}
 k - a potion of might
 m - 2 potions of haste
 n - a potion of attraction {unknown}
 p - 4 potions of heal wounds
 q - 4 potions of curing
 r - a potion of flight {unknown}
 A - 3 potions of cancellation
 C - a potion of magic {unknown}


   Skills:
 * Level 10.2 Fighting
 - Level 14.0 Axes
 - Level 3.2 Dodging
 - Level 1.5 Stealth
 - Level 5.0 Invocations


You had 9 spell levels left.
You didn't know any spells.
Your spell library contained the following spells:

 Spells                   Type           Power      Damage    Failure   Level
 Blink                    Tloc           0%         N/A       100%        2
 Poisonous Vapours        Pois/Air       0%         N/A       100%        2
 Lesser Beckoning         Tloc           0%         N/A       100%        3
 Corpse Rot               Necr/Pois/Air  0%         N/A       100%        4
 Manifold Assault         Tloc           0%         N/A       100%        5
 Summon Small Mammal      Summ           Unusable   N/A       N/A         1
 Call Canine Familiar     Summ           Unusable   N/A       N/A         3
 Summon Guardian Golem    Hex/Summ       Unusable   N/A       N/A         3

Dungeon Overview and Level Annotations

Branches:
Dungeon (9/15)             Temple (1/1) D:5            Lair (0/5) D:8
    Orc: D:9-12

Altars:
Cheibriados
Dithmenos
Elyvilon
Fedhas
Gozag
Hepliaklqana
Kikubaaqudgha
Makhleb
Nemelex Xobeh
Okawaru
Qazlal
Ru
Sif Muna
Trog
Uskayaw
Vehumet
Wu Jian
Xom
Yredelemnul
Zin
The Shining One

Shops:
D:4 *   D:5 [   D:6 !

Annotations:
D:4 3 runed translucent doors, Ignak's ghost, novice GnHW
D:7 3 runed translucent doors, Zero's ghost, novice FeSu


Innate Abilities, Weirdness & Mutations

You have a pair of horns on your head.
You reflexively headbutt those who attack you in melee.


Message History

You closely miss the gnoll. You headbutt the gnoll!
The gnoll is almost dead.
You hit the gnoll but do no damage.
The gnoll is almost dead.
The gnoll hits you but does no damage.
You slash the gnoll!
You kill the gnoll!
Okawaru accepts your kill.
No target in view!
Things that are here:
a +1 vorpal spear; a +0 scale mail; a +0 kite shield An acid dragon comes into view.
The acid dragon roars!
Things that are here:
a +0 club; 2 throwing nets The acid dragon spits acid at you.
The splash of acid hits you! The acid corrodes you!
You hear a shout!
The acid dragon bites you! The acid dragon claws you.
You completely miss the acid dragon. The acid dragon bites you!
The acid dragon claws you.
You hit the acid dragon.
You punch the acid dragon, but do no damage.
The acid dragon is moderately wounded.
The acid dragon bites you but does no damage.
The acid dragon claws you but does no damage.
You hit the acid dragon.
You headbutt the acid dragon, but do no damage.
The acid dragon is moderately wounded.
You hit the acid dragon.
You headbutt the acid dragon, but do no damage.
The acid dragon is heavily wounded.
The acid dragon closely misses you. You furiously retaliate!
You headbutt the acid dragon, but do no damage.
The acid dragon claws you.
You slash the acid dragon! You headbutt the acid dragon.
The acid dragon is almost dead.
The acid dragon spits acid at you. The splash of acid hits you!!!
You die...

####....................
...................##...
...................##.#.
#....................
#..))....#..#...###..
#...)....#..#...# #..
#....[...#..##.......
#...........##..###..
#...@...........# #..
####D.###.####.>. ...
#..# #.# #... ... ....#
... . ###..##..## .
.......# .##..#... #+ #
..#..#### #.### .
#..##.. ....


You could see an acid dragon (catching breath).

Vanquished Creatures
  Erica (D:9)
  Grinder (D:4)
  Sigmund (D:2)
  Eustachio (D:6)
  Menkaure (D:6)
  Edmund (D:6)
  A water moccasin (D:7)
  Duvessa (D:5)
  2 black bears (D:6)
  An orc warrior (D:6)
  3 ice beasts
  3 centaurs
  3 bullfrogs
  2 gnoll sergeants
  3 scorpions
  5 wights (D:8)
  Dowan (D:5)
  12 killer bees
  6 hounds
  A jelly (D:8)
  Crazy Yiuf (D:3)
  5 orc priests
  Natasha (twice) (D:3)
  An iguana (D:6)
  6 orc wizards
  10 gnolls
  4 adders
  5 shadow imps
  2 white imps (D:7)
  2 ufetubi (D:5)
  2 worms
  3 dart slugs
  26 orcs
  10 ball pythons
  3 bats
  4 endoplasms
  3 giant cockroaches
  10 goblins
  2 hobgoblins (D:1)
  4 jackals
  5 kobolds
  4 quokkas
  5 frilled lizards
  5 rats
174 creatures vanquished.

Vanquished Creatures (others)
  A bat (D:2)
1 creature vanquished.

Grand Total: 175 creatures vanquished

Notes
Turn   | Place    | Note
-------+----------+-------------------------------------------
     0 | D:1      | Ajdolov the Minotaur Monk began the quest for the Orb.
     0 | D:1      | Reached XP level 1. HP: 19/19 MP: 0/0
    65 | D:1      | Reached skill level 4 in Axes
   259 | D:1      | Reached XP level 2. HP: 24/26 MP: 1/1
   582 | D:1      | Reached skill level 5 in Axes
   647 | D:1      | Reached XP level 3. HP: 28/31 MP: 2/2
   946 | D:1      | Found a faded altar of an unknown god.
  1516 | D:2      | Noticed Sigmund
  1530 | D:2      | Killed Sigmund
  1531 | D:2      | Reached skill level 7 in Axes
  1531 | D:2      | Reached XP level 4. HP: 22/39 MP: 3/3
  1531 | D:2      | Reached XP level 5. HP: 25/45 MP: 4/4
  2068 | D:3      | Reached skill level 8 in Axes
  2250 | D:3      | Found a runed translucent door.
  2251 | D:3      | Noticed Crazy Yiuf
  2262 | D:3      | You fall into a shaft and drop 2 floors!
  2262 | D:5      | Entered Level 5 of the Dungeon
  2267 | D:4      | Noticed a +0 spear
  2267 | D:4      | Noticed a +0 short sword
  2267 | D:4      | Noticed a +0 falchion
  2267 | D:4      | Noticed a +0 spear
  2267 | D:4      | Noticed a +0 falchion
  2267 | D:4      | Noticed a +0 short sword
  2267 | D:4      | Noticed a +0 dagger
  2267 | D:4      | Noticed a +0 dagger
  2267 | D:4      | Found a hide-covered altar of Uskayaw.
  2322 | D:4      | Found a runed translucent gate.
  2322 | D:4      | Found a runed translucent gate.
  2324 | D:4      | Found a runed translucent gate.
  2325 | D:4      | Noticed Ignak's ghost (novice GnHW)
  2327 | D:4      | Identified the +6 sling of the Valley of Death {venom,
                  | Dex+4}
  2327 | D:4      | Identified the +5 ring mail of Napatel {Rampage rF- SInv}
  2358 | D:4      | Reached XP level 6. HP: 35/51 MP: 5/5
  2562 | D:4      | Noticed Grinder
  2712 | D:3      | Noticed Natasha
  2718 | D:3      | Killed Natasha
  3249 | D:4      | Reached skill level 9 in Axes
  3364 | D:4      | Found Nemiem's Lightly-Used Armoury.
  3580 | D:4      | Paralysed by Grinder for 4 turns
  3604 | D:4      | Paralysed by Grinder for 5 turns
  3611 | D:4      | Killed Grinder
  3612 | D:4      | Reached XP level 7. HP: 32/57 MP: 6/6
  3994 | D:5      | Reached skill level 10 in Axes
  4318 | D:5      | Noticed Dowan
  4343 | D:5      | Killed Dowan
  4433 | D:5      | Noticed Duvessa
  4440 | D:5      | Killed Duvessa
  4441 | D:5      | Reached skill level 11 in Axes
  4967 | D:5      | Found a staircase to the Ecumenical Temple.
  4975 | Temple   | Entered the Ecumenical Temple
  5148 | Temple   | Became a worshipper of the Shining One
  5148 | Temple   | Reached * piety under the Shining One
  5148 | Temple   | Reached ** piety under the Shining One
  5273 | D:5      | Found Aveuqer's Armour Boutique.
  5360 | D:6      | Reached XP level 8. HP: 58/64 MP: 7/7
  5447 | D:6      | Reached skill level 12 in Axes
  5963 | D:6      | Noticed Edmund
  6083 | D:6      | Reached skill level 13 in Axes
  6400 | D:6      | Killed Edmund
  6559 | D:6      | Found Eqeat's Distillery.
  6962 | D:6      | Noticed Eustachio
  6965 | D:6      | Noticed Menkaure
  6970 | D:6      | Killed Menkaure
  6971 | D:6      | Reached skill level 14 in Axes
  6985 | D:6      | Killed Eustachio
  6986 | D:6      | Reached skill level 1 in Invocations
  6986 | D:6      | Reached XP level 9. HP: 53/71 MP: 7/9
  7263 | D:6      | Found a basalt altar of Yredelemnul.
  7609 | D:7      | Reached skill level 5 in Fighting
  8018 | D:7      | Found a snail-covered altar of Cheibriados.
  8310 | D:7      | Found a runed translucent gate.
  8310 | D:7      | Found an opulent altar of Gozag.
  8311 | D:7      | Found a runed translucent gate.
  8312 | D:7      | Found a runed translucent gate.
  8313 | D:7      | Noticed Zero's ghost (novice FeSu)
  8313 | D:7      | Reached *** piety under the Shining One
  8352 | D:7      | Found an ornate altar of the Wu Jian Council.
  9247 | D:8      | Identified the +0 ring mail "Kainn" {rElec rF+ Str+3}
  9326 | D:8      | Found a glowing silver altar of Zin.
  9417 | D:8      | Reached skill level 5 in Invocations
  9485 | D:8      | Found a white marble altar of Elyvilon.
  9502 | D:8      | Found a staircase to the Lair.
  9792 | D:3      | Noticed Natasha
  9797 | D:3      | Killed Natasha
  9812 | D:3      | Killed Crazy Yiuf
 10371 | D:8      | Found an iron altar of Okawaru.
 10568 | D:8      | Fell from the grace of the Shining One
 10568 | D:8      | Became a worshipper of Warmaster Okawaru
 10731 | D:9      | Found a sparkling altar of Nemelex Xobeh.
 10799 | D:9      | Found a shadowy altar of Dithmenos.
 10804 | D:9      | Noticed Erica
 10826 | D:9      | Killed Erica
 10826 | D:9      | Reached * piety under Okawaru
 10827 | D:9      | Reached skill level 10 in Fighting
 10827 | D:9      | Reached XP level 10. HP: 46/93 MP: 12/12
 11054 | D:9      | Identified the +1 leather armour of Zitafof {Regen+ Str-4
                  | Dex+6 Stlth+}
 11104 | D:9      | Killed from afar by an acid dragon

Illustrated notes

Levels and vault maps discovered:
D:1:      scummos_arrival_forest, layout_basic, shapermc_ecumenical_altar_petra,
          chequers_serial_rivers_small_3
D:2:      wander_river, layout_rooms, uniq_sigmund
D:3:      layout_loops_corners, uniq_natasha, uniq_crazy_yiuf_cottage
D:4:      layout_loops_cross, nicolae_uskayaw_en_pointe,
          biasface_ghost_orc_armoury, minmay_shop_damaged, uniq_grinder
D:5:      layout_cave_pods, minmay_temple_entry_enclosed_plants, serial_shops,
          kennysheep_mini_moat, uniq_duvessa
D:6:      layout_basic, marbit_many_paths, serial_shops,
          nicolae_shop_temple_entry_statues_fountains, uniq_menkaure,
          uniq_edmund, uniq_eustachio
D:7:      layout_loops_ring, nicolae_wu_jian_immortal_techniques,
          mainiacjoe_overflow_brackets, ebering_ghost_gozag
D:8:      layout_loops_cross, kennysheep_okawaru_gauntlet,
          mainiacjoe_overflow_alcove_4, zin_statuary, lair_entry_dummy
D:9:      layout_basic, mainiacjoe_overflow_catwalk, nemelex_altar_shiori,
          uniq_erica
Temple:   nicolae_temple_slightly_damp_pantheon

Skill      XL: |  1  2  3  4  5  6  7  8  9 |
---------------+----------------------------+-----
Axes           | 4 5 7 8 9 11 14 | 14.0
Fighting       | 4 10 | 10.2
Invocations    | 1 5 |  5.0
Dodging        | |  3.2
Stealth        | |  1.5

Action                   |  1- 3 |  4- 6 |  7- 9 | 10-12 || total
-------------------------+-------+-------+-------+-------++-------
Melee: Hand axe          |    75 |    84 |   264 |       ||   423
       Headbutt          |    17 |    13 |    77 |     6 ||   113
       Punch             |     1 |     1 |     5 |     1 ||     8
       War axe           |       |       |    76 |    19 ||    95
Evoke: Wand              |       |       |    11 |       ||    11
  Use: Potion            |       |       |     4 |       ||     4
       Scroll            |       |       |    18 |       ||    18
 Stab: Sleeping          |     1 |       |       |       ||     1
Armor: Robe              |     6 |       |       |       ||     6
       Chain mail        |    18 |    37 |   143 |     6 ||   204
       Skin              |       |     4 |       |       ||     4
Dodge: Dodged            |    29 |    36 |    96 |     5 ||   166

Table legend: (Time is in decaauts)
 A = Elapsed time spent in this place.
 B = Non-inter-level travel time spent in this place.
 C = Inter-level travel time spent in this place.
 D = Time resting spent in this place.
 E = Time spent auto-exploring this place.
 F = Levels seen in this place.
 G = Mean time per level.
                   A        B        C        D        E       F      G
               +--------+--------+--------+--------+--------+-----+--------+
         Total |  11010 |  10086 |    924 |    966 |   7818 |  10 | 1101.0 |
       Dungeon |  10818 |   9912 |    906 |    966 |   7663 |   9 | 1202.0 |
        Temple |    192 |    174 |     18 |      0 |    155 |   1 |  192.0 |
               +--------+--------+--------+--------+--------+-----+--------+

Top non-repeatable levels by time:
     D:5: 1799 daAuts
     D:6: 1719 daAuts
     D:8: 1318 daAuts
     D:7: 1302 daAuts
     D:1: 1179 daAuts
     D:3: 1149 daAuts
     D:4: 1076 daAuts
     D:2: 758 daAuts
     D:9: 515 daAuts
  Temple: 192 daAuts
